[Event "*** Titled Tuesday Blitz"]
[Site "Chess.com"]
[Date "2018.01.02"]
[Round "1"]
[White "ChessicallyInclined"]
[Black "yosephtaher"]
[Result "0-1"]
[WhiteElo "2228"]
[BlackElo "2516"]
[TimeControl "180+2"]
[EndTime "13:10:23 PST"]
[Termination "yosephtaher won by resignation"]

1. d4 Nf6 2. c4 e6 3. Nc3 c5 4. d5 exd5 5. cxd5 d6 6. e4 g6 7. Nge2 Bg7 8. Ng3 O-O 9. Be2 h5 10. Bg5 Qb6 11. Qd2 Re8 12. O-O Bd7 13. f4 Ng4 14. Bxg4 Bxg4 15. f5 Be5 16. fxg6 fxg6 17. Bf6 Nd7 18. Qg5 Kh7 19. Be7 c4+ 20.
Kh1 Qxb2 21. Na4 Qa3 22. Rf7+ Bg7 23. Raf1 Qd3 24. Nb2 Qd4 25. Nf5 gxf5 26. exf5 Rxe7 27. Rxe7 Qf6 28. Qxf6 Nxf6 29. Nxc4 Re8 30. Rxb7 Be2 31. Nxd6 Rd8 32. Nf7 Rxd5 33. Ng5+ Kg8 34. Re1 Rxf5 35.
Ne6 Bh6 36. Rb8+ Kh7 37. Rb7+ Kg6 38. g4 Bxg4 39. Rg1 Bg5 40. Nxg5 Rxg5 41. Rb3 Ne4 42. h3 Be6 43. Rxg5+ Kxg5 44. Ra3 Bxh3 45. Rxa7 h4 46. Kh2 Bf5 47. Ra5 Nf2 48. Ra3 Ng4+ 49. Kh3 Ne5+ 50.
Kh2 Kf4 51. Ra4+ Kg5 52. Rb4 h3 53. Rb3 Kh4 54. Rg3 Bg4 55. Rb3 Nf3+ 56. Kh1 Kg3 57. a4 Be6 58. Rd3 Bc4 59. Rc3 Bf1 60. Rxf3+ Kxf3 61. a5 Kg3 62. Kg1 Ba6 63. Kh1 Bb7+ 64. Kg1 h2+ 0-1

[Event "*** Titled Tuesday Blitz"]
[Site "Chess.com"]
[Date "2018.01.02"]
[Round "1"]
[White "bascheyaro"]
[Black "TST2014"]
[Result "0-1"]
[WhiteElo "2551"]
[BlackElo "2295"]
[TimeControl "180+2"]
[EndTime "13:10:33 PST"]
[Termination "TST2014 won by resignation"]

1. d4 Nf6 2. Nf3 g6 3. Bf4 Bg7 4. e3 O-O 5. Nbd2 d6 6. Be2 Nh5 7.
Bg5 h6 8. Bh4 g5 9. Bg3 Nd7 10.
Bd3 Ndf6 11. c3 c5 12. Qc2 b6 13. Ne4 Bb7 14. Nxf6+ Bxf6 15. Qe2 Re8 16. Rd1 Bg7 17. Bc4 Nxg3 18. hxg3 cxd4 19. cxd4 e6 20. Ba6 Qc8 21.
Bxb7 Qxb7 22. O-O Rac8 23. Rc1 Qe4 24. Qa6 Qa8 25. a4 Rc6 26. a5 Rec8 27. Rxc6 Qxc6 28. Qxa7 b5 29. b4 Ra8 30. Qe7 Re8 31. d5 exd5 32.
Qa7 Re4 33. a6 Rxb4 34. Qb8+ Kh7 35. Qb7 Rc4 36. Nd4 Bxd4 37. exd4 Kg7 38. Ra1 Qc8 39.
Qxd5 Rc1+ 40. Rxc1 Qxc1+ 41. Kh2 b4 42. a7 b3 43. Qc4 Qxc4 44. a8=Q Qxd4 45. Qb7 b2 46. Qb3 Qxf2 47. Qc3+ f6 48. Qc7+ Kg6 49. Qb7 Qc2 50.
Qb8 b1=Q 51. Qg8+ Kf5 52. Qd5+ Kg6 53. Qg8+ Kh5 54. Qf7+ Qg6 55. Qe6 Qbf5 56. Qxd6 Qe5 57. Qd7 g4 58. Qc8 Kg5 59. Qc1+ Kh5 60. Qc8 f5 61. Qd8 Qef6 62. Qd5 Qgg5 63. Qd7 f4 64. Qe8+ Qfg6 65. Kh1 Qxe8 0-1

[Event "*** Titled Tuesday Blitz"]
[Site "Chess.com"]
[Date "2018.01.02"]
[Round "1"]
[White "chessking2151"]
[Black "FairChess_on_YouTube"]
[Result "0-1"]
[WhiteElo "2403"]
[BlackElo "2743"]
[TimeControl "180+2"]
[EndTime "13:10:34 PST"]
[Termination "FairChess_on_YouTube won by resignation"]

1. e4 c5 2. Nf3 e6 3. d4 cxd4 4. Nxd4 Nc6 5. Nc3 a6 6. Nxc6 bxc6 7. Bd3 d5 8. O-O Nf6 9. Re1 Be7 10. e5 Nd7 11. Qg4 Kf8 12. Bd2 c5 13. b3 Bb7 14.
Na4 h5 15. Qe2 h4 16. h3 g6 17. Rad1 Qc7 18. c4 d4 19. f4 a5 20. Nb2 Nb8 21. Be4 Bxe4 22. Qxe4 Nc6 23. Rb1 Kg7 24. Nd3 Rab8 25. Rec1 Rh5 26. a3 Rhh8 27. Kh1 Rb7 28. Rb2 Rhb8 29. Rcb1 Qd7 30. Be1 Qc7 31. Bf2 Rh8 32. Qe1 Rbb8 33. Qe2 Bf8 34. Be1 Ne7 35. Bf2 Nf5 36. Qe4 Be7 37. Kg1 Rb6 38. Ne1 Rhb8 39. Nd3 Qa7 40. Qe1 Qa6 41. Qc1 Rh8 42. Qc2 Rbb8 43. Qd2 a4 44. b4 cxb4 45. Nxb4 Qxc4 46. Rc1 Bxb4 47. Rxc4 Bxd2 48. Rxd2 Rb1+ 49. Kh2 Rf1 50.
Rxa4 Rc8 51. g4 hxg3+ 52. Bxg3 Rf3 53. Rg2 Rcc3 54. Be1 Rxh3+ 55. Kg1 Rc1 56. Kf2 Rc2+ 57. Kg1 Rc1 58. Kf2 Ne3 59. Bd2 Rc2 60. Rxd4 Nxg2 61. Kxg2 Rxa3 62. Kf1 Raa2 63. Be1 Ra1 64. Re4 g5 65.
fxg5 Kg6 66. Rg4 Rcc1 67. Re4 Rxe1+ 68. Rxe1 Rxe1+ 69. Kxe1 Kxg5 70. Ke2 Kf4 71. Kd3 Kxe5 0-1

[Event "*** Titled Tuesday Blitz"]
[Site "Chess.com"]
[Date "2018.01.02"]
[Round "1"]
[White "AlexTriapishko"]
[Black "NormWeinstein"]
[Result "1-0"]
[WhiteElo "2601"]
[BlackElo "2307"]
[TimeControl "180+2"]
[EndTime "13:10:36 PST"]
[Termination "AlexTriapishko won by resignation"]

1. e4 c5 2. Nf3 d6 3. d4 Nf6 4. Nc3 cxd4 5. Nxd4 Nc6 6. Bg5 e6 7. Qd2 Be7 8. O-O-O O-O 9. f3 d5 10. exd5 exd5 11. h4 Re8 12. Kb1 Bd7 13. g4 Rc8 14.
Nb3 Be6 15. Nb5 a6 16. N5d4 Ne5 17. Qf2 Qc7 18. c3 b5 19. Bf4 Bd6 20. g5 Nh5 21.
Bh2 Ng6 22. Bxd6 Qxd6 23. Bd3 Bd7 24. a3 Ngf4 25. Bc2 Re7 26. Rde1 Rce8 27. Ka2 g6 28.
Na5 Re5 29. Rxe5 Qxe5 30. Nb7 Qc7 31. Re1 Qxb7 32. Rxe8+ Bxe8 33. Qe3 Qd7 34. Qe5 Ne6 35. Bb3 Nxd4 36. cxd4 Qe6 37. Qb8 Kg7 38. Qd8 Bc6 39.
Qc7 Qd7 40. Qe5+ f6 41. Qb8 Qe7 42. Qc8 Bb7 43. Qb8 h6 44. gxh6+ Kh7 45. Bc2 Nf4 46. Qxf4 f5 47. h5 Bc8 48. hxg6+ Kxg6 49. Qe5 Qxe5 50.
dxe5 Kxh6 51. Kb3 Kg5 52. Kc3 Kf4 53. Kd4 Kxf3 54. Bb3 f4 55. Bxd5+ Ke2 56. e6 f3 57. e7 Bd7 58. Be6 Be8 59. Bg4 Kd2 60. Bxf3 Kc2 61. b4 Kb3 62. Kc5 Kxa3 63. Bb7 a5 64.
bxa5 b4 65. a6 b3 66. a7 b2 67. a8=Q+ Kb3 68. Be4 b1=Q 69. Bxb1 1-0

[Event "*** Titled Tuesday Blitz"]
[Site "Chess.com"]
[Date "2018.01.02"]
[Round "1"]
[White "Colombiano07"]
[Black "Blitzstream"]
[Result "0-1"]
[WhiteElo "2194"]
[BlackElo "2493"]
[TimeControl "180+2"]
[EndTime "13:10:37 PST"]
[Termination "Blitzstream won by checkmate"]

1. e4 e5 2. Nf3 Nf6 3. d3 d5 4. Nbd2 Bc5 5. Be2 Bxf2+ 6. Kxf2 Ng4+ 7. Kg3 Ne3 8. Qg1 Nxc2 9. Rb1 O-O 10. h3 Nc6 11. Kh2 f5 12. Qc5 N2d4 13. Qxd5+ Be6 14. Qxd8 Raxd8 15. Nxd4 Nxd4 16. Bd1 f4 17. Nf3 Nxf3+ 18. Bxf3 Rxd3 19. Rd1 Rxd1 20. Bxd1 Rd8 21. Bc2 Bxa2 22.
Ra1 Bc4 23. Rxa7 Ba6 24. Bb3+ Kf8 25. Bd5 c6 26. Bxc6 Rc8 27. Bxb7 Bxb7 28. Rxb7 Rxc1 29. Rb5 Rc2 30. Rxe5 g6 31. Kg1 Rxb2 32. Ra5 Kg7 33. Ra6 Re2 34. Ra4 Kf6 35. Kf1 Rb2 36. Ra7 h5 37. Ra5 Rb4 38. e5+ Kf5 39. Kf2 Re4 40. e6+ Kxe6 41. Kf3 Rb4 42. h4 Kf6 43. Rc5 Ra4 44.
Rb5 Rc4 45. Ra5 Rc2 46. Kxf4 Rxg2 47. Ra6+ Kg7 48. Kf3 Rg4 49. Rb6 Rxh4 50. Kg3 Ra4 51. Kh3 Kh6 52. Rb3 Kg5 53. Rb5+ Kh6 54. Rb3 Rf4 55. Rc3 Rf6 56. Ra3 Kg5 57. Rg3+ Kf5 58.
Rf3+ Ke6 59. Re3+ Kf7 60. Ra3 g5 61. Rb3 Kg6 62. Ra3 Kf5 63. Rf3+ Ke5 64. Re3+ Kf4 65. Ra3 Re6 66. Ra4+ Re4 67. Ra5 Re3+ 68. Kg2 Re2+ 69. Kf1 Re5 70. Ra4+ Kf3 71. Kg1 g4 72. Kh2 Re2+ 73. Kh1 Re1+ 74. Kh2 g3+ 75. Kh3 Rh1# 0-1

[Event "*** Titled Tuesday Blitz"]
[Site "Chess.com"]
[Date "2018.01.02"]
[Round "1"]
[White "Vamostodorecto"]
[Black "severomorskij"]
[Result "0-1"]
[WhiteElo "2359"]
[BlackElo "2656"]
[TimeControl "180+2"]
[EndTime "13:10:50 PST"]
[Termination "severomorskij won by resignation"]

1. d4 Nf6 2. c4 e6 3. Nc3 Bb4 4. e3 b6 5. Bd3 Bb7 6. Nf3 O-O 7.
O-O c5 8. a3 Bxc3 9. bxc3 Be4 10.
d5 exd5 11. cxd5 Bxd5 12. c4 Be6 13. Bb2 Nc6 14. Ng5 h6 15. Bxf6 Qxf6 16. Nh7 Qh4 17. Nxf8 Rxf8 18. f4 f5 19. Be2 Qe7 20. Rc1 Na5 21.
Rc3 Rd8 22. Qd2 d5 23. cxd5 Rxd5 24. Qc2 Qd6 25. Rd1 c4 26. Rxd5 Qxd5 27. Bf3 Qd6 28. Kf2 b5 29. h3 Nb3 30. g4 fxg4 31. hxg4 Qxa3 32. Qg6 Bf7 33. Qf5 Qd6 34. Qc8+ Kh7 35. Be4+ g6 36. Rc2 Nc5 37. Bf3 b4 38. Qa8 b3 39.
Re2 Nd3+ 40. Kg3 Qc7 41. Rh2 h5 42. gxh5 g5 43. Qf8 gxf4+ 44. Kg2 Ne1+ 45. Kf2 Nxf3 46. h6 fxe3+ 47. Kxf3 Bd5+ 48. Kxe3 Qe5+ 49. Kd2 Qxh2+ 50.
Kc3 Qxh6 51. Qf5+ Qg6 52. Qxd5 Qc2+ 53. Kb4 b2 54. Qh5+ Kg7 55. Qe5+ Kf7 56. Qd5+ Kf6 57.
Qd4+ Kf5 58. Qd5+ Kf4 59. Qd4+ Kf3 60. Qf6+ Ke2 61. Qe5+ Kd1 62. Qd4+ Qd2+ 63. Ka3 Qxd4 0-1

[Event "*** Titled Tuesday Blitz"]
[Site "Chess.com"]
[Date "2018.01.02"]
[Round "1"]
[White "IamSchrodingersCat"]
[Black "NewBornNow"]
[Result "0-1"]
[WhiteElo "2378"]
[BlackElo "2672"]
[TimeControl "180+2"]
[EndTime "13:10:54 PST"]
[Termination "NewBornNow won on time"]

1. e4 c5 2. Nf3 d6 3. d4 cxd4 4. Nxd4 Nf6 5. Nc3 a6 6. Be2 e5 7.
Nb3 Be7 8. g4 Be6 9. g5 Nfd7 10.
Bg4 Nc6 11. Bxe6 fxe6 12. Be3 O-O 13. Qg4 Nd4 14. O-O-O Nc5 15. Nxd4 exd4 16. Rxd4 Qc7 17. Rd2 b5 18. Bxc5 dxc5 19. Qxe6+ Rf7 20. Nd5 Qb7 21. f4 c4 22. h4 c3 23. bxc3 Ba3+ 24. Kb1 Kh8 25.
f5 Rff8 26. f6 Rae8 27. Qg4 b4 28. c4 Qc6 29. Qe2 gxf6 30. gxf6 Rxf6 31. Rf1 Rxf1+ 32. Qxf1 Qe6 33. Qf6+ Qxf6 34. Nxf6 Rf8 35. Rf2 Rd8 36. Nd5 Rg8 37. Rf1 Rg4 38. e5 Re4 39. Rd1 Rxe5 40.
c3 bxc3 41. Nxc3 Rf5 42. Kc2 Rf4 43. Kb3 Bf8 44. Rd8 Kg7 45. Ra8 Rxh4 46. Rxa6 h5 47. Nd5 Rh3+ 48. Kc2 h4 49. Ra7+ Kh6 50. Rf7 Bc5 51.
Rf6+ Kg5 52. Rg6+ Kf5 53. Rf6+ Ke5 54. Rh6 Rh2+ 55. Kb3 Rh3+ 56. Kc2 Kd4 57. Rh5 Kxc4 58. Nf4 Rh2+ 59. Kd1 Be3 60. Ne2 Kd3 61. Nc1+ Ke4 62. Ne2 h3 0-1

[Event "*** Titled Tuesday Blitz"]
[Site "Chess.com"]
[Date "2018.01.02"]
[Round "1"]
[White "jposthuma"]
[Black "Kaphrep"]
[Result "0-1"]
[WhiteElo "2356"]
[BlackElo "2644"]
[TimeControl "180+2"]
[EndTime "13:10:57 PST"]
[Termination "Kaphrep won on time"]

1. d4 d5 2. c4 e6 3. Nf3 Nf6 4. g3 Bb4+ 5. Nbd2 dxc4 6. Bg2 b5 7. a4 c6 8. Qc2 Bb7 9. O-O a5 10. Ne5 Nd5 11. e4 Nf6 12. Ndf3 Nbd7 13. Nxd7 Nxd7 14. Bg5 f6 15. Be3 O-O 16. e5 f5 17. b3 Nb6 18.
Ng5 Qd7 19. axb5 c3 20. bxc6 Bxc6 21. Rfd1 Bxg2 22. Kxg2 Nd5 23. h4 h6 24. Nh3 Qc6 25. Kg1 Be7 26. Nf4 Nb4 27. Qe2 Ra6 28. Ng6 Rf7 29. Qc4 Kh7 30. Nxe7 Rxe7 31. Rdc1 c2 32. Bd2 Rb7 33. Bxb4 Rxb4 34. Qxc2 Qxc2 35. Rxc2 Rxd4 36.
Rca2 Rd5 37. f4 Rb5 38. Ra3 g5 39. hxg5 hxg5 40. Kf2 Kg6 41. Ke3 Kf7 42. Kd3 Rd5+ 43. Ke3 Rc6 44. Rxa5 Rc3+ 45. Ke2 Rxa5 46. Rxa5 Rxb3 47.
Kf2 gxf4 48. gxf4 Rb6 49. Kg3 Kg6 50. Ra3 Kh5 51. Rd3 Rb4 52. Rd6 Rb3+ 53. Kf2 Kg4 54. Rxe6 Kxf4 55. Re8 Rf3+ 56. Kg2 Rg3+ 57. Kf2 Rf3+ 58.
Kg2 Re3 59. e6 Re2+ 60. Kf1 Kf3 61. e7 f4 62. Kg1 Re1+ 63. Kh2 Re2+ 64. Kg1 Re6 65.
Kf1 Re5 66. Kg1 Rg5+ 67. Kf1 Rg7 68. Ke1 Kg2 69. Kd2 f3 70. Ke3 f2 0-1

[Event "*** Titled Tuesday Blitz"]
[Site "Chess.com"]
[Date "2018.01.02"]
[Round "1"]
[White "pKiLz5Rn9b"]
[Black "sergeikim"]
[Result "0-1"]
[WhiteElo "2625"]
[BlackElo "2368"]
[TimeControl "180+2"]
[EndTime "13:11:33 PST"]
[Termination "sergeikim won by resignation"]

1. Nf3 Nf6 2. b3 g6 3. Bb2 Bg7 4. c4 d6 5. d4 O-O 6. g3 e5 7. dxe5 Nfd7 8. Bg2 dxe5 9. O-O Nc6 10. Nc3 f5 11. e4 a5 12. Re1 Nc5 13. exf5 Bxf5 14.
Re2 Nd3 15. Rd2 Nxb2 16. Rxd8 Nxd1 17. Rxf8+ Rxf8 18. Rxd1 e4 19. Nb5 exf3 20. Bxf3 Rd8 21. Bd5+ Kf8 22. Nxc7 Nb4 23. Re1 Nxd5 24. Nxd5 Re8 25.
Rd1 Re2 26. Ne3 Bh3 27. Nd5 Rxa2 28. Nf4 Bg4 29. Rd8+ Ke7 30. Rd3 Bf5 31. Re3+ Kf7 32. Nd5 Bd4 33. Rf3 Kg7 34. Nf4 Ra1+ 35. Kg2 Be4 36.
Ne6+ Kg8 37. Nxd4 Rd1 38. Kh3 Rxd4 39. Re3 Kf7 40. f3 Bf5+ 41. g4 Be6 42. Kg3 g5 43. h4 h6 44. hxg5 hxg5 45. Re5 Rd3 46. Rxg5 Rxb3 47.
Rxa5 Bxc4 48. Kf4 b5 49. g5 Rd3 50. Kg4 Be6+ 51. Kf4 Rd4+ 52. Ke3 Rb4 53. f4 Bf5 54. Ra6 Re4+ 55. Kf3 Re6 56. Ra5 Rb6 57. Ra3 b4 58. Rb3 Be6 59. Rb2 b3 60. Ke4 Rb4+ 61. Ke5 Rb5+ 62.
Ke4 Kg6 63. Kd4 Kf5 64. Kc3 Kxf4 65. g6 Rb7 66. Re2 Kf5 67. Re1 Kf6 68. Re3 b2 69.
Rf3+ Bf5 70. g7 Kxg7 71. Rxf5 b1=Q 0-1

[Event "*** Titled Tuesday Blitz"]
[Site "Chess.com"]
[Date "2018.01.02"]
[Round "1"]
[White "Msb2"]
[Black "Tonychess32"]
[Result "1/2-1/2"]
[WhiteElo "2739"]
[BlackElo "2413"]
[TimeControl "180+2"]
[EndTime "13:11:37 PST"]
[Termination "Game drawn - insufficient material"]

1. d4 Nf6 2. c4 e6 3. Nf3 b6 4. g3 Bb7 5. Bg2 d5 6. cxd5 exd5 7. O-O Be7 8. Bf4 O-O 9. Qc2 c5 10. Nc3 Bd6 11. Bxd6 Qxd6 12. Rad1 Rd8 13. dxc5 Qxc5 14. Nd4 Nc6 15. Nb3 Qe7 16. e3 Rac8 17. Qe2 Ne5 18. Rd4 Nc6 19. Rd2 Ne5 20. Rfd1 h6 21. h3 Nc4 22.
Rd4 Ne5 23. Kh2 Qe6 24. Rf4 Nc6 25. Nd4 Nxd4 26. Rfxd4 Rc5 27. Qd3 Rdc8 28. Ne2 Rc2 29. Nf4 Qe7 30. Rd2 R2c5 31. Qf5 g6 32. Qd3 Kg7 33. Qa3 Qc7 34. Qb3 a6 35. Nxd5 Nxd5 36. Bxd5 Bxd5 37. Rxd5 Qc6 38. Rxc5 Qxc5 39. Qd3 Kg8 40.
Qxa6 Qc1 41. Qd3 Qe1 42. Qe2 Qa1 43. a3 Rc1 44. Qf3 Kg7 45. Qe4 Rc5 46. b4 Rc1 47.
Qd4+ Qxd4 48. Rxd4 Ra1 49. Rd6 b5 50. Rd5 Rxa3 51.
Rxb5 Rb3 52. Kg2 g5 53. g4 Kg6 54. Rb6+ f6 55. b5 h5 56. gxh5+ Kxh5 57. Rb8 f5 58.
Kf3 f4 59. Ke4 fxe3 60. fxe3 Kh4 61. Kd4 Kxh3 62. e4 g4 63. b6 g3 64. Kc4 Rb1 65. Kc5 g2 66. Rg8 g1=Q+ 67. Rxg1 Rxg1 68. e5 Kg4 69.
e6 Kf5 70. e7 Rg8 71. Kd6 Kf6 72. Kd7 Kf7 73. b7 Re8 74. Kc7 Kxe7 75. b8=Q Rxb8 76. Kxb8 1/2-1/2

[Event "*** Titled Tuesday Blitz"]
[Site "Chess.com"]
[Date "2018.01.02"]
[Round "1"]
[White "Grebeniuk-S"]
[Black "Mikhail_Golubev"]
[Result "1/2-1/2"]
[WhiteElo "2410"]
[BlackElo "1428"]
[TimeControl "180+2"]
[EndTime "13:11:41 PST"]
[Termination "Game drawn by repetition"]

1. d4 Nf6 2. Nf3 d6 3. Bg5 Nbd7 4.
Nbd2 e5 5. e3 Be7 6. Be2 e4 7.
Ng1 d5 8. Nh3 h6 9. Bxf6 Nxf6 10.
Nf4 h5 11. c4 dxc4 12. Nxh5 Nxh5 13. Bxh5 Qd6 14. a3 g6 15. Nxe4 Qb6 16. Bf3 Qxb2 17. O-O Qb3 18. Qe2 Qa4 19. Nc3 Qa6 20. Bd5 Qd6 21.
g3 c6 22. Bxc4 Qf6 23. f3 Bh3 24. Rfd1 Kf8 25. Ne4 Qf5 26. Nf2 Qh5 27. Nxh3 Qxh3 28. Qg2 Qh6 29. f4 Rd8 30. a4 Kg7 31. Rab1 Rd7 32.
h4 Qh5 33. Qe2 Qf5 34. Kg2 Bxh4 35. gxh4 Rxh4 36. Rh1 Rg4+ 37. Kf2 Re7 38. Bd3 Rxf4+ 39.
exf4 Rxe2+ 40. Kxe2 Qxf4 41. Rhd1 Qg4+ 42. Kd2 b6 43. Kc3 Qg5 44. Bc4 Qa5+ 45. Kb3 b5 46. axb5 cxb5 47. Bd5 b4 48. Kc4 Qa2+ 49. Kc5 Qa5+ 50.
Kd6 Qb6+ 51. Bc6 a5 52. d5 a4 53. Kd7 a3 54. d6 a2 55. Ra1 b3 56. Bd5 Qa7+ 57. Ke8 Qb8+ 58. Ke7 Qb4 59. Bxb3 Qxb3 60. d7 Qb4+ 61. Ke8 Qe4+ 62. Kd8 Qa8+ 63. Kc7 Qa7+ 64. Kc6 Qa4+ 65. Kc5 Qa3+ 66. Kc4 Qa4+ 67. Kc3 Qa5+ 68. Kb2 Qb4+ 69. Kxa2 Qa4+ 70. Kb2 Qb4+ 71. Kc2 Qc4+ 72. Kd2 Qd4+ 73. Ke2 Qe4+ 74. Kf2 Qf4+ 75. Ke2 Qe4+ 76. Kf2 Qf4+ 77. Kg2 Qg4+ 78. Kh2 Qh4+ 79. Kg2 Qg4+ 80. Kf2 Qf4+ 81. Ke2 Qe4+ 82. Kd2 Qd4+ 83. Kc2 Qc4+ 84. Kb2 Qb4+ 85. Ka2 Qa4+ 86. Kb2 Qb4+ 87. Ka2 Qa4+ 88.
Kb2 Qb4+ 89. Ka2 Qa4+ 90. Kb2 Qb4+ 1/2-1/2

[Event "*** Titled Tuesday Blitz"]
[Site "Chess.com"]
[Date "2018.01.02"]
[Round "1"]
[White "Pirlo1"]
[Black "ST-Sandavagur"]
[Result "0-1"]
[WhiteElo "2218"]
[BlackElo "2512"]
[TimeControl "180+2"]
[EndTime "13:12:06 PST"]
[Termination "ST-Sandavagur won on time"]

1. d4 Nf6 2. Nc3 d5 3. Bf4 e6 4. e3 c6 5. Nf3 Bd6 6. Bd3 O-O 7. O-O Qc7 8. Bxd6 Qxd6 9. Ne5 Nbd7 10. f4 b6 11. Qf3 Bb7 12. Rad1 a6 13. e4 c5 14. dxc5 Nxc5 15. exd5 Nxd3 16. Rxd3 Nxd5 17. Nxd5 Bxd5 18. c4 Qc5+ 19. Qf2 Qxf2+ 20. Kxf2 Be4 21. Rd4 Bf5 22. g4 Bg6 23. h4 f6 24. Nxg6 hxg6 25. Rd6 Rab8 26. Rxe6 Rfd8 27. Rfe1 Rd4 28. R6e4 Rbd8 29.
Re8+ Rxe8 30. Rxe8+ Kf7 31. Rb8 Rxf4+ 32. Kg3 Rxc4 33. Rxb6 a5 34. Ra6 a4 35. Kf3 Kg8 36.
Ra7 Kh7 37. Kg3 Rb4 38. g5 Kg8 39. Kh3 Kf8 40. Kg3 Kg8 41. Kh3 Kf8 42. Kg3 Rc4 43. Rb7 Rd4 44. b3 Re4 45. Kh3 Rd4 46. bxa4 Rxa4 47.
Rb2 Kf7 48. Rf2 Ke6 49. gxf6 gxf6 50. Rg2 Kf5 51. Rf2+ Ke5 52. Rg2 Kf5 53. Rf2+ Ke6 54. Rg2 Kf7 55. Rb2 Kg7 56. Rc2 Kh6 57. Rb2 Kh5 58.
Rb5+ f5 59. Rb2 Rxh4+ 60. Kg3 Ra4 61. Kf3 Kg5 62. Rg2+ Kf6 63. Rb2 Ra3+ 64. Kg2 Kg5 65. Rc2 Kg4 66. Rb2 f4 67. Kf2 g5 68. Kg2 Ra4 69. Rc2 f3+ 70. Kf2 Kf4 71. Rb2 g4 72. Rc2 g3+ 73. Kg1 Rd4 74. Rc1 g2 75.
Rb1 Kg3 0-1

[Event "*** Titled Tuesday Blitz"]
[Site "Chess.com"]
[Date "2018.01.02"]
[Round "1"]
[White "Firebullet"]
[Black "AndrewDGreen"]
[Result "0-1"]
[WhiteElo "2442"]
[BlackElo "2107"]
[TimeControl "180+2"]
[EndTime "13:12:53 PST"]
[Termination "AndrewDGreen won by resignation"]

1. d4 Nf6 2. c4 c5 3. d5 e5 4. Nc3 d6 5. e4 Nbd7 6. Nf3 Be7 7.
h3 h5 8. Be3 Nf8 9. Qd2 h4 10.
Bd3 Ng6 11. Bc2 Nh5 12. Ne2 Bd7 13. a3 a6 14. b4 b6 15. Rb1 Qc7 16. Rb2 Kf8 17.
O-O Kg8 18. Rfb1 Bc8 19. Ba4 Qd8 20. Bc6 Ra7 21. bxc5 bxc5 22. Rb8 Kh7 23. R1b2 Qc7 24.
Qc1 Rd8 25. Bd2 a5 26. a4 Ba6 27. Bb5 Rxb8 28. Ne1 Bc8 29. Nd3 Bd7 30. Qe1 Bxb5 31. axb5 a4 32. Ra2 Bd8 33. Qa1 Rba8 34. Ra3 Qb7 35. Be3 Ba5 36. Rxa4 Bb6 37. Rxa7 Qxa7 38. Qf1 Qa3 39. Nec1 Ra4 40. Qe2 Nf6 41. Qc2 Nxe4 42. Nxe5 Nxe5 43. Qxe4+ Ng6 44. g3 Qa1 45. Kg2 Qc3 46.
gxh4 Rxc4 47. Qf5 Qe5 48. Qb1 Re4 49. h5 Nh4+ 50. Kf1 Nf5 51. Bd2 Qd4 52. Qc2 Qc4+ 53. Qxc4 Rxc4 54. Ne2 Rc2 55. Bf4 c4 56. Ke1 c3 57.
Kd1 Rb2 58. Nxc3 Rxf2 59. Bd2 Rh2 60. Na4 Bd4 61. b6 Rxh3 62. Kc2 Ne7 63. b7 Ba7 64. Nb6 Ra3 65. Bb4 Ra6 66. Nc8 Bb8 67. Nxe7 Rb6 68. Nc6 Rxb7 69. Kd3 Bc7 70. Ke4 Rb5 71. Kd4 Kh6 72. Kc4 Rb6 73. Bc3 f6 74. Ba5 Rb7 75. Bb4 Kxh5 76. Kd4 g5 77. Ke4 Kg6 78. Bc3 f5+ 79. Kd3 g4 80. Ne7+ Kg5 81. Nc6 f4 82.
Nd4 Bb6 83. Nb5 Bc5 84. Nd4 Bxd4 85. Bxd4 Kf5 86. Bc3 Rb3 87. Kc4 Rxc3+ 0-1

[Event "*** Titled Tuesday Blitz"]
[Site "Chess.com"]
[Date "2018.01.02"]
[Round "1"]
[White "inegrepus"]
[Black "milovanratkovic"]
[Result "0-1"]
[WhiteElo "2119"]
[BlackElo "2465"]
[TimeControl "180+2"]
[EndTime "13:13:39 PST"]
[Termination "milovanratkovic won on time"]

1. d4 d5 2. c4 dxc4 3. e4 Nc6 4. Nf3 Bg4 5. Bxc4 e6 6. Be3 Bxf3 7. gxf3 Qf6 8. Nc3 O-O-O 9. Qa4 Bb4 10. Rc1 Qxf3 11.
Rg1 Bxc3+ 12. bxc3 Qxe4 13. Rxg7 Nge7 14. Rxf7 Rhg8 15.
Qb3 Kb8 16. Bxe6 Na5 17. Rxe7 Nxb3 18. axb3 Rg1+ 19. Kd2 Rxc1 20. Kxc1 Qd3 21. Kb2 a5 22. Bc4 Qd1 23. Rxh7 a4 24. Bf4 Rc8 25. bxa4 Qxa4 26. Be6 Qb5+ 27. Bb3 Qe2+ 28. Bc2 Qxf2 29. Bg3 Qf6 30. Kb3 Qb6+ 31. Ka2 Ka8 32. Bb3 Re8 33. Bxc7 Re2+ 34. Ka3 Qa6+ 35. Kb4 Qf6 36. Bc4 Rb2+ 37. Ka3 Rb1 38. Ka2 Re1 39. Rd7 Re8 40. Rd6 Qf2+ 41.
Kb3 Qd2 42. Rd8+ Rxd8 43. Bxd8 Qxh2 44. Bb6 Qd6 45. Bc5 Qc6 46. Kb4 b6 47. Bf8 Ka7 48. Kb3 Qh1 49. Bb4 Qb1+ 50. Ka3 Kb7 51. d5 Qd1 52. d6 Kc6 53. Kb2 Qd2+ 54. Ka3 b5 55. Bb3 Qc1+ 56. Ka2 Kd7 57. Bg8 Qc2+ 58. Ka3 Qa4+ 59.
Kb2 Qd1 60. Bb3 Qd2+ 61. Ka3 Qc1+ 62. Ka2 Qh1 63. Ka3 Qa1+ 64. Ba2 Kc6 65. Kb3 Qc1 66. Ba3 Qd1+ 67. Kb2 Qd2+ 68. Kb3 Kb6 69. Bb4 Qd1+ 70. Kb2 Qd2+ 71. Kb3 Qc1 72. Ba3 Qf4 73.
Bb4 Kc6 74. Kb2 Qd2+ 75. Kb3 Kd5 76. Ka3+ Ke4 77. Bb3 Qc1+ 78. Ka2 Qd2+ 79. Ka3 Kf3 80. Ba2 Ke2 81. Bb3 Qc1+ 82. Ka2 Qd2+ 83. Ka3 Kd3 84. Ba2 Kc2 85. Bb3+ Kb1 86. Bc5 Qxc3 87. Bb6 b4+ 88. Ka4 Qc6+ 89. Ka5 Qxd6 90. Ba4 Ka2 91. Kb5 b3 92. Bc5 Qd3+ 93. Kb4 b2 94. Bb5 Qa3+ 95.
Kc4 Qb3+ 96. Kd4 Qxb5 0-1

[Event "*** Titled Tuesday Blitz"]
[Site "Chess.com"]
[Date "2018.01.02"]
[Round "2"]
[White "saraswathii"]
[Black "chessking2151"]
[Result "0-1"]
[WhiteElo "2261"]
[BlackElo "2409"]
[TimeControl "180+2"]
[EndTime "13:15:59 PST"]
[Termination "chessking2151 won by resignation"]

1. d4 Nf6 2. Bf4 d5 3. e3 c5 4. c3 Nc6 5. Nf3 Qb6 6. Qb3 c4 7. Qc2 Bf5 8. Qc1 e6 9. Nbd2 h6 10. Be2 Be7 11. O-O O-O 12. h3 Qd8 13. Rd1 b5 14. Ne5 Nxe5 15. dxe5 Nd7 16. Bf3 Nc5 17. e4 0-1

[Event "*** Titled Tuesday Blitz"]
[Site "Chess.com"]
[Date "2018.01.02"]
[Round "2"]
[White "Elshan1985"]
[Black "Maili15"]
[Result "1-0"]
[WhiteElo "2667"]
[BlackElo "2296"]
[TimeControl "180+2"]
[EndTime "13:17:58 PST"]
[Termination "Elshan1985 won by resignation"]

1. d4 d5 2. c4 e6 3. Nc3 Nf6 4.
cxd5 exd5 5. Bg5 Be7 6. e3 c6 7. Bd3 O-O 8. Qc2 Nbd7 9. Nge2 Re8 10. O-O Nf8 11. Rad1 Be6 12. f3 Nh5 13. Bxe7 Qxe7 14. e4 Rad8 15. e5 g6 16. f4 Ng7 17. Ng3 f5 18.
Nce2 Bc8 19. Qc3 Nfe6 20. b4 Bd7 21. a4 Rc8 22. a5 b6 23. axb6 axb6 24. Bc2 Red8 25.
Bb3 Be8 26. Rd2 Bf7 27. Rfd1 c5 28. dxc5 bxc5 29. Rxd5 Rxd5 30. Bxd5 Qc7 31. bxc5 Nxc5 32. Bxf7+ Kxf7 33. Nd4 Nge6 34. Nb5 Qb6 35. Nd6+ 1-0

[Event "*** Titled Tuesday Blitz"]
[Site "Chess.com"]
[Date "2018.01.02"]
[Round "2"]
[White "NormWeinstein"]
[Black "ckgchess"]
[Result "1-0"]
[WhiteElo "2319"]
[BlackElo "2481"]
[TimeControl "180+2"]
[EndTime "13:18:46 PST"]
[Termination "NormWeinstein won by resignation"]

1. e4 c5 2. Nf3 d6 3. Nc3 Nc6 4. d4 cxd4 5. Nxd4 g6 6. Be3 Bg7 7. Bc4 Nf6 8. h3 O-O 9. Bb3 Na5 10. f3 Qc7 11. h4 Nc4 12. Bxc4 Qxc4 13. Qd2 b5 14.
Ndxb5 Rb8 15. b3 Qc6 16. Nxa7 Qd7 17. a4 Ba6 18. Nab5 Ne8 19. Bd4 e5 20. Be3 Rc8 21. Nd5 Qc6 22. Ne7+ 1-0

[Event "*** Titled Tuesday Blitz"]
[Site "Chess.com"]
[Date "2018.01.02"]
[Round "2"]
[White "tigra"]
[Black "TheBigBoss04"]
[Result "1-0"]
[WhiteElo "2676"]
[BlackElo "2491"]
[TimeControl "180+2"]
[EndTime "13:18:49 PST"]
[Termination "tigra won by resignation"]

1. e4 g6 2. d4 Bg7 3. Nc3 d6 4. Be2 Nc6 5. Be3 e5 6. dxe5 Bxe5 7.
f4 Bg7 8. Qd2 Nf6 9. O-O-O Ng4 10. Bxg4 Bxg4 11. Re1 b5 12. f5 b4 13. Nd5 Ne5 14. h3 Nc4 15. Qd3 Bxb2+ 16. Kb1 Bc3 17.
Nxc3 bxc3 18. Qxc4 Rb8+ 19. Ka1 Qf6 20. hxg4 c5 21.
Ne2 1-0

[Event "*** Titled Tuesday Blitz"]
[Site "Chess.com"]
[Date "2018.01.02"]
[Round "2"]
[White "Kimster98"]
[Black "MatthewG-p4p"]
[Result "1/2-1/2"]
[WhiteElo "2482"]
[BlackElo "2633"]
[TimeControl "180+2"]
[EndTime "13:19:03 PST"]
[Termination "Game drawn by agreement"]

1. d4 Nf6 2. c4 c5 3. d5 e6 4.
Nc3 exd5 5. cxd5 d6 6. e4 g6 7. h3 Bg7 8. Nf3 O-O 9. Bd3 b5 10. Bxb5 Nxe4 11. Nxe4 Qa5+ 12. Nfd2 Qxb5 13. Nxd6 Qa6 14.
N2c4 Nd7 15. O-O Ne5 16. Nxe5 Bxe5 17. Nxc8 Raxc8 18. Qf3 Rfd8 19. Rd1 Qd6 20. Rb1 Bd4 21. Bf4 Qxd5 22. Qxd5 Rxd5 23. b3 Rcd8 24. Kf1 Rf5 25. Be3 Kg7 26. Rd3 Bxe3 27. Rxe3 Rd2 28. Re2 Rfd5 29.
Rbe1 Kf6 30. Rxd2 Rxd2 31. Re2 Rd1+ 32. Re1 Rd6 33. Rc1 Rd2 1/2-1/2

[Event "*** Titled Tuesday Blitz"]
[Site "Chess.com"]
[Date "2018.01.02"]
[Round "2"]
[White "TheLancer"]
[Black "TenisMaster"]
[Result "0-1"]
[WhiteElo "2498"]
[BlackElo "2689"]
[TimeControl "180+2"]
[EndTime "13:19:20 PST"]
[Termination "TenisMaster won by resignation"]

1. e4 e5 2. Nf3 Nc6 3. Bb5 a6 4. Ba4 Nf6 5. O-O b5 6. Bb3 Bc5 7. Nxe5 Nxe5 8. d4 Bxd4 9. Qxd4 d6 10. c3 c5 11. Qe3 O-O 12. h3 Bb7 13. Bc2 Re8 14. Rd1 Nc4 15. Qg3 Nxe4 16. Qd3 Qh4 17. Qf1 Re6 18. b3 Ne5 19. Bf4 Qxf4 0-1